 Dungeon Crawl Stone Soup version 0.29.0-4-gdea44cf6ec (webtiles) character file.

Game seed: 1391028315821953093

515 qw the Chopper (level 7, -1/40 HPs)
             Began as a Tengu Warper on Aug 28, 2022.
             Slain by Eustachio
             ... wielding a +0 rapier
              (4 damage)
             ... on level 4 of the Dungeon.
             The game lasted 00:00:25 (4243 turns).

qw the Chopper (Tengu Warper)                       Turns: 4243, Time: 00:00:26

Health: -1/40      AC: 14    Str: 14    XL:     7   Next: 20%
Magic:  11/11      EV:  5    Int: 13    God:
Gold:   193        SH:  0    Dex: 13    Spells: 10/10 levels left

rFire   . . .      SeeInvis .   Y - +2 war axe
rCold   . . .      Faith    .   (no shield)
rNeg    . . .      Spirit   .   m - +0 plate armour
rPois   .          Reflect  .   c - +1 hat {Will+}
rElec   .          Harm     .   g - +0 cloak
rCorr   .          Rampage  .   (no gloves)
Will    +....                   (boots unavailable)
Stlth   ..........              (no amulet)
HPRegen 0.13/turn               (no ring)
MPRegen 0.12/turn               (no ring)

@: flying quickly and evasively, quick
A: beak, talons 3, nimble flight
a: no special abilities


You were on level 4 of the Dungeon.
You visited 1 branch of the dungeon, and saw 4 of its levels.

You collected 193 gold pieces.


Innate Abilities, Weirdness & Mutations

You have a beak for a mouth.
You have claws for feet.
Your magical nature lets you fly swiftly and evasively.


   Skills:
 - Level 2.0 Fighting
 + Level 6.8 Axes
 - Level 1.0 Throwing
 - Level 4.8 Armour
 - Level 2.1 Dodging
 - Level 2.0 Spellcasting
 - Level 2.4 Translocations


You had 10 spell levels left.
You didn't know any spells.
Your spell library contained the following spells:

 Spells                   Type           Power      Damage    Failure   Level
 Blink                    Tloc           14%        N/A       100%        2
 Gell's Gravitas          Tloc           7%         N/A       100%        3
 Lesser Beckoning         Tloc           7%         N/A       100%        3
 Teleport Other           Tloc           7%         N/A       100%        3
 Manifold Assault         Tloc           7%         N/A       100%        5

Inventory:

Hand Weapons
 o - a +0 morningstar
 Y - a +2 war axe (weapon)
Armour
 c - a +1 hat of willpower (worn)
 g - a +0 cloak (worn)
 m - a +0 plate armour (worn)
Scrolls
 k - a scroll of noise {unknown}
 n - 3 scrolls of identify
Potions
 a - a potion of resistance {unknown}
 b - a potion of curing {unknown}
 d - 2 potions of might {unknown}
 e - a potion of magic {unknown}
 f - a potion of mutation {unknown}
 h - a potion of berserk rage {unknown}
 i - a potion of ambrosia {unknown}
 j - a potion of haste

Dungeon Overview and Level Annotations

Branches:
Dungeon (4/15)
 Temple: D:4-7

Altars:
Elyvilon
Wu Jian

Annotations:
D:4 Eustachio


Message History

You hit the iron imp but do no damage. You claw the iron imp.
The iron imp is severely wounded.
You hit Eustachio but do no damage. You barely miss the iron imp.
Eustachio casts a spell.
Eustachio blinks!
The iron imp hits you. The iron imp barely misses you.
You slash the iron imp!
You kill the iron imp!
The iron imp disappears in a puff of smoke!
You slash the iron imp! The iron imp hits you.
You hit the iron imp.
You kill the iron imp!
The iron imp disappears in a puff of smoke!
Eustachio twirls his moustache.
Eustachio mumbles some strange words.
Eustachio screams, "At last I'll have my revenge!"
Eustachio mumbles some strange words.
Eustachio blinks!
You slash the bat!
You kill the bat!
The bat's corpse disappears in a puff of smoke!
You hit the quokka.
The quokka is almost dead.
The quokka bites you. x2
You hit the quokka.
You kill the quokka!
The quokka's corpse disappears in a puff of smoke!
Eustachio gestures wildly while chanting.
Eustachio blinks!
You hit Eustachio. Your kick misses Eustachio.
You peck Eustachio, but do no damage.
Eustachio is heavily wounded.
Eustachio hits you with a +0 rapier! Eustachio hits you but does no damage.
You hit Eustachio. Your kick misses Eustachio.
Eustachio is heavily wounded.
Eustachio closely misses you.
You closely miss Eustachio. You claw Eustachio.
Eustachio is severely wounded.
Eustachio hits you with a +0 rapier.
You die...

...... .....#. .......
.$..... ............
....... ............
#....# #...........
#....## .............
#.....##........).....
#....@......>.........
#....@# #.......%....
#.ยค...# #.......)....
#.....# #............
#####.# #.#.....#:...
#.####.#.#####.#..
#........###...##.
#............####.
######.......#########.
#....#.....#...........


You could see Eustachio.

Vanquished Creatures
  Sigmund (D:2)
  A scorpion (D:4)
  A jelly (D:4)
  An orc priest (D:3)
  An iguana (D:4)
  Terence (D:2)
  2 orc wizards (D:3)
  A gnoll (D:1)
  2 adders
  4 worms
  2 dart slugs
  8 orcs
  4 ball pythons
  6 bats
  10 endoplasms
  2 giant cockroaches
  5 goblins
  4 hobgoblins (D:1)
  4 jackals
  4 quokkas
  6 frilled lizards
  9 kobolds
  7 rats
86 creatures vanquished.

Notes
Turn   | Place    | Note
-------+----------+-------------------------------------------
     0 | D:1      | qw the Tengu Warper began the quest for the Orb.
     0 | D:1      | Reached XP level 1. HP: 12/12 MP: 4/4
     0 | D:1      | 0 ||| qw: Version: 0.1-a-89-g26bdef1
     0 | D:1      | 0 ||| qw: Game counter: 3321
     0 | D:1      | 0 ||| qw: Always use a shield: true
     0 | D:1      | 0 ||| qw: God list: Okawaru
     0 | D:1      | 0 ||| qw: Allow faded altars: false
     0 | D:1      | 0 ||| qw: Do Orc after D:15 true
     0 | D:1      | 0 ||| qw: Do second Lair branch before Depths: true
     0 | D:1      | 0 ||| qw: Lair rune preference: random
     0 | D:1      | 0 ||| qw: Plans: Normal
     0 | D:1      | 0 ||| PLANNING D:1-11
    10 | D:1      | 10 ||| Stepping ~*~*~tactically~*~*~ (stealth).
    19 | D:1      | 19 ||| Stepping ~*~*~tactically~*~*~ (stealth).
    28 | D:1      | HP: 2/12 [frilled lizard (2)]
    30 | D:1      | Reached XP level 2. HP: 3/17 MP: 6/6
    31 | D:1      | Reached skill level 3 in Axes
   392 | D:1      | 392 ||| Stepping ~*~*~tactically~*~*~ (hiding).
   752 | D:1      | 752 ||| Stepping ~*~*~tactically~*~*~ (stealth).
   767 | D:1      | Reached XP level 3. HP: 16/21 MP: 7/7
   963 | D:1      | Found a faded altar of an unknown god.
  1008 | D:1      | 1008 ||| Stepping ~*~*~tactically~*~*~ (hiding).
  1019 | D:1      | Reached skill level 4 in Axes
  1488 | D:1      | 1488 ||| UPGRADING to +0 cloak.
  1493 | D:1      | 1493 ||| UPGRADING to +0 plate armour.
  1503 | D:1      | 1503 ||| DROPPING +0 leather armour.
  1504 | D:1      | 1504 ||| READING scroll labelled SACROYTWAH.
  1505 | D:1      | 1505 ||| READING scroll labelled GUMMEMIGGO.
  1506 | D:1      | 1506 ||| READING scroll labelled NAS ULIAPLYCK.
  1507 | D:1      | 1507 ||| DRINKING 3 fuming coppery potions.
  1508 | D:1      | 1508 ||| DROPPING scroll of blinking.
  1509 | D:1      | 1509 ||| DROPPING 2 potions of brilliance.
  1608 | D:2      | Noticed Sigmund
  1624 | D:2      | HP: 1/21 [something (6)]
  1626 | D:2      | Killed Sigmund
  1627 | D:2      | Reached XP level 4. HP: 2/26 MP: 8/8
  1627 | D:2      | Gained mutation: Your magical nature lets you fly swiftly
                  | and evasively. [Tengu growth]
  1627 | D:2      | Reached XP level 5. HP: 2/30 MP: 9/9
  1661 | D:2      | 1661 ||| Stepping ~*~*~tactically~*~*~ (stealth).
  1662 | D:2      | 1662 ||| Stepping ~*~*~tactically~*~*~ (stealth).
  1663 | D:2      | 1663 ||| Stepping ~*~*~tactically~*~*~ (stealth).
  1664 | D:2      | 1664 ||| Stepping ~*~*~tactically~*~*~ (stealth).
  1672 | D:2      | HP: 3/30 [quokka (4)]
  1968 | D:2      | 1968 ||| Stepping ~*~*~tactically~*~*~ (stealth).
  1974 | D:2      | 1974 ||| Stepping ~*~*~tactically~*~*~ (stealth).
  1979 | D:2      | Noticed Terence
  1992 | D:2      | Killed Terence
  1993 | D:2      | Reached XP level 6. HP: 17/35 MP: 10/10
  2159 | D:2      | 2159 ||| DROPPING +0 club.
  2279 | D:2      | 2279 ||| Stepping ~*~*~tactically~*~*~ (stealth).
  2498 | D:2      | 2498 ||| SWAPPING to +0 war axe.
  2499 | D:2      | 2499 ||| DROPPING +0 hand axe.
  2590 | D:2      | 2590 ||| Stepping ~*~*~tactically~*~*~ (hiding).
  2737 | D:2      | 2737 ||| DROPPING +0 flail.
  2752 | D:2      | 2752 ||| READING scroll labelled WULLEEHYUCO.
  2756 | D:2      | 2756 ||| READING scroll labelled OTTOMA LOKLI.
  2757 | D:2      | 2757 ||| DRINKING 3 glowing amethyst potions.
  2758 | D:2      | 2758 ||| DROPPING 2 potions of flight.
  2874 | D:3      | 2874 ||| Stepping ~*~*~tactically~*~*~ (stealth).
  2923 | D:3      | Found an ornate altar of the Wu Jian Council.
  2951 | D:3      | 2951 ||| READING scroll labelled LEADIGO LIPURCH.
  2958 | D:3      | Reached skill level 5 in Axes
  2960 | D:3      | 2960 ||| Stepping randomly (stuck).
  2961 | D:3      | 2961 ||| Stepping randomly (stuck).
  2962 | D:3      | 2962 ||| Stepping randomly (stuck).
  2963 | D:3      | 2963 ||| Stepping randomly (stuck).
  3133 | D:3      | Found a white marble altar of Elyvilon.
  3295 | D:3      | 3295 ||| Stepping ~*~*~tactically~*~*~ (stealth).
  3304 | D:3      | 3304 ||| FLEEEEING.
  3305 | D:3      | 3305 ||| FLEEEEING.
  3306 | D:3      | 3306 ||| FLEEEEING.
  3307 | D:3      | 3307 ||| FLEEEEING.
  3308 | D:3      | 3308 ||| FLEEEEING.
  3470 | D:3      | 3470 ||| FLEEEEING.
  3471 | D:3      | 3471 ||| FLEEEEING.
  3472 | D:3      | 3472 ||| FLEEEEING.
  3473 | D:3      | 3473 ||| FLEEEEING.
  3476 | D:3      | 3476 ||| STAIRDANCE
  3504 | D:2      | 3504 ||| UPGRADING to +1 hat of willpower.
  3509 | D:2      | 3509 ||| DRINKING 2 yellow potions.
  3514 | D:3      | 3514 ||| Stepping ~*~*~tactically~*~*~ (hiding).
  3825 | D:4      | 3825 ||| STAIRDANCE
  3829 | D:4      | 3829 ||| STAIRDANCE
  3863 | D:4      | 3863 ||| Stepping ~*~*~tactically~*~*~ (stealth).
  3864 | D:4      | 3864 ||| Stepping ~*~*~tactically~*~*~ (stealth).
  3885 | D:4      | Reached skill level 6 in Axes
  3885 | D:4      | Reached XP level 7. HP: 24/40 MP: 11/11
  4050 | D:4      | 4050 ||| Stepping ~*~*~tactically~*~*~ (stealth).
  4155 | D:4      | 4155 ||| READING scroll of enchant weapon.
  4155 | D:4      | 4155 ||| ENCHANTING +1 war axe.
  4218 | D:4      | Noticed Eustachio
  4238 | D:4      | HP: 9/40 [quokka[Eustachio] (2)]
  4241 | D:4      | HP: 2/40 [Eustachio/+0 rapier (7)]
  4243 | D:4      | Slain by Eustachio

Levels and vault maps discovered:
D:1:      wander_arrival_abandoned_jail, layout_loops_cross,
          basic_ecumenical_altar, minmay_tripent
D:2:      layout_loops_ring, uniq_terence, uniq_sigmund
D:3:      layout_basic, mainiacjoe_overflow_concentric_impassable,
          lemuel_coloured_pillars_altar, minmay_fractal_squares_gapless_5
D:4:      layout_rooms, uniq_eustachio

Skill      XL: |  1  2  3  4  5  6 |
---------------+-------------------+-----
Axes           | 3 4 6 |  6.8
Armour         | 4 |  4.8
Fighting       | |  2.0
Throwing       | |  1.0
Dodging        | |  2.1
Spellcasting   | |  2.0
Translocations | |  2.4

Action                   |  1- 3 |  4- 6 |  7- 9 || total
-------------------------+-------+-------+-------++-------
Melee: Hand axe          |    73 |    33 |       ||   106
       Kick              |    18 |    29 |    14 ||    61
       Peck              |     5 |    20 |     6 ||    31
       War axe           |       |    91 |    44 ||   135
       Punch             |       |     1 |       ||     1
Throw: Boomerang         |     7 |       |       ||     7
  Use: Scroll            |     3 |     3 |     1 ||     7
       Potion            |     1 |     2 |       ||     3
Armor: Leather armour    |     8 |       |       ||     8
       Plate armour      |     7 |    89 |    32 ||   128
Dodge: Dodged            |    28 |    33 |     6 ||    67

Table legend:
 A = Non-vault XP
 B = Vault XP
 C = Vault XP percentage of total XP
 D = Non-vault monster count
 E = Vault monster count
 F = Vault count percentage of total count
                 A         B        C        D         E       F
            +---------+---------+-------+---------+---------+-------
      Total |     444 |     292 |  39.7 |      77 |       9 |  10.5
            +---------+---------+-------+---------+---------+-------
        D:1 |      48 |      15 |  23.8 |      27 |       2 |   6.9
        D:2 |      25 |     267 |  91.4 |      12 |       2 |  14.3
        D:3 |     168 |      10 |   5.6 |      22 |       5 |  18.5
        D:4 |     203 |       0 |   0.0 |      16 |       0 |   0.0
            +---------+---------+-------+---------+---------+-------
